 Dungeon Crawl Stone Soup version 0.29.0-13-gc9e81de378 (webtiles) character file.

Game seed: 2144539964812759851

7 RascalDebosk the Cudgeller (level 1, -3/20 HPs)
             Began as a Troll Gladiator on Sept 9, 2022.
             Slain by a kobold
             ... wielding a +1 short sword of electrocution
              (10 damage)
             ... on level 1 of the Dungeon.
             The game lasted 00:02:06 (135 turns).

RascalDebosk the Cudgeller (Troll Gladiator)         Turns: 135, Time: 00:02:06

Health: -3/20      AC:  4    Str: 21    XL:     1   Next: 83%
Magic:  0/0        EV: 10    Int:  4    God:
Gold:   19         SH:  0    Dex: 11    Spells: 0/0 levels left

rFire   . . .      SeeInvis .   a - +0 flail
rCold   . . .      Faith    .   (no shield)
rNeg    . . .      Spirit   .   b - +0 robe
rPois   .          Reflect  .   c - +0 hat
rElec   .          Harm     .   (no cloak)
rCorr   .          Rampage  .   (gloves unavailable)
Will    .....                   (boots unavailable)
Stlth   +.........              (no amulet)
HPRegen 0.86/turn               (no ring)
MPRegen 0.07/turn               (no ring)

@: no status effects
A: large, unfitting armour, claws 3, regeneration 1, shaggy fur 1, tough skin 1
a: no special abilities


You were on level 1 of the Dungeon.
You visited 1 branch of the dungeon, and saw 1 of its levels.

You collected 19 gold pieces.

Inventory:

Hand Weapons
 a - a +0 flail (weapon)
Missiles
 d - 3 throwing nets (quivered)
 e - a large rock
 f - 3 silver javelins
Armour
 b - a +0 robe (worn)
 c - a +0 hat (worn)
Scrolls
 g - a scroll of identify {unknown}


   Skills:
 + Level 1.7 Fighting
 + Level 2.8 Maces & Flails
 + Level 1.9 Throwing
 + Level 2.5 Dodging


You couldn't memorise any spells.
You didn't know any spells.
Your spell library was empty.

Dungeon Overview and Level Annotations

Branches:
Dungeon (1/15)

Altars:


Innate Abilities, Weirdness & Mutations

You are too large for most types of armour.
You have claws for hands.
Your natural rate of healing is unusually fast.
You are covered in fur. (AC +1)
You have tough skin. (AC +1)


Message History

Found a runed leather armour.
The kobold shouts!
You hear a shout!
A hobgoblin comes into view.
There are monsters nearby!
A bat comes into view.
The bat moves out of view.
Found a leather armour.
A quokka comes into view.
You hit the kobold but do no damage.
The kobold hits you with a +1 short sword of electrocution.
You are electrocuted!
Ouch! That really hurt!
* * * LOW HITPOINT WARNING * * *
A giant cockroach comes into view.
You barely miss the kobold. The kobold closely misses you.
The bat hits you but does no damage. The kobold barely misses you.
The quokka attacks as you move away! The quokka bites you.
* * * LOW HITPOINT WARNING * * *
The bat closely misses you. The kobold attacks as you move away!
The kobold closely misses you. The quokka barely misses you.
You thump the quokka!
You kill the quokka!
The bat hits you.
* * * LOW HITPOINT WARNING * * *
The bat closely misses you.
You hit the bat.
You kill the bat!
You hit the hobgoblin.
The hobgoblin is almost dead.
The hobgoblin closely misses you. The hobgoblin hits you.
* * * LOW HITPOINT WARNING * * *
You sock the hobgoblin!
You kill the hobgoblin!
You hit the kobold.
The kobold is severely wounded.
The kobold hits you with a +1 short sword of electrocution.
You are electrocuted!
Ouch! That really hurt!
You die...

#......# ####...##
.......## #.....##
........# #.....#
....)...# ###.....###
....###.###.......#..
.##.###.##..#######.#
'##.....#..###### .#
..####....#.....###.###
..# #....'.....@K....#+##
..# ##.>##.....##........
..######.#########...#....
..#......# #...# #[
..#......# #.....
'##......# ###.##[
(#######.# .# .. .# #.# ..
# .#######.# ...


You could see a kobold.

Vanquished Creatures
  A goblin (D:1)
  2 hobgoblins (D:1)
  A quokka (D:1)
  A bat (D:1)
  A rat (D:1)
6 creatures vanquished.

Notes
Turn   | Place    | Note
-------+----------+-------------------------------------------
     0 | D:1      | RascalDebosk the Troll Gladiator began the quest for the
                  | Orb.
     0 | D:1      | Reached XP level 1. HP: 19/19 MP: 0/0
   135 | D:1      | Slain by a kobold

Illustrated notes

Levels and vault maps discovered:
D:1:      psy_arrival_whirlpool, layout_basic,
          shapermc_ecumenical_altar_totnotflames, minmay_tall_x

Action                   || total
-------------------------++-------
Melee: Flail             ||    17
Armor: Robe              ||     7
Dodge: Dodged            ||    12
